 Dungeon Crawl Stone Soup version 0.30-a0-859-gf88a04b62d (webtiles) character file.

Game seed: 8673902670670583325

159 BigDaddyOpFi the Chopper (level 5, -4/47 HPs)
             Began as a Hill Orc Monk on Mar 6, 2023.
             Killed from afar by Ijyb (14 damage)
             ... with a bolt of acid
             ... on level 3 of the Dungeon.
             The game lasted 00:03:43 (3564 turns).

BigDaddyOpFi the Chopper (Hill Orc Monk)            Turns: 3564, Time: 00:03:43

Health: -4/47      AC:  3    Str: 16    XL:     5   Next: 40%
Magic:  5/5        EV: 10    Int: 10    God:
Gold:   211        SH:  0    Dex: 19    Spells: 4/4 levels left

rFire   . . .      SeeInvis .    l - +0 battleaxe
rCold   . . .      Faith    .    (shield currently unavailable)
rNeg    . . .      Spirit   .    j - +0 scale mail
rPois   .          Reflect  .    (no helmet)
rElec   .          Rampage  .    (no cloak)
rCorr   .                        (no gloves)
Will    +....                    e - +0 pair of boots
Stlth   +                        (no amulet)
HPRegen 0.27/turn                c - +6 ring of dexterity
MPRegen 0.09/turn                i - ring of willpower

@: corroded
A: no striking features
a: no special abilities


You were on level 3 of the Dungeon.
You visited 1 branch of the dungeon, and saw 3 of its levels.

You collected 211 gold pieces.

Inventory:

Hand Weapons
 a - a +1 hand axe
 l - a +0 battleaxe (weapon)
Armour
 e - a +0 pair of boots (worn)
 j - a +0 scale mail (worn)
Jewellery
 c - a +6 ring of dexterity (left hand)
 i - a ring of willpower (right hand)
 k - a +5 ring of evasion
Scrolls
 b - a scroll of magic mapping
 d - a scroll of identify
 f - a scroll of vulnerability
Potions
 g - a potion of flight
 h - a potion of attraction


   Skills:
 + Level 4.7 Fighting
 + Level 5.2 Axes
 + Level 2.3 Armour
 - Level 2.4 Dodging
 + Level 2.8 Stealth


You had 4 spell levels left.
You didn't know any spells.
Your spell library was empty.

Dungeon Overview and Level Annotations

Branches:
Dungeon (3/15)

Altars:
Qazlal

Annotations:
D:3 Ijyb


Message History

a ball python corpse; a quokka corpse No target in view!
d - 2 scrolls of identify (gained 1)
Things that are here:
a ball python corpse; a quokka corpse
Found a leather armour.
No target in view!
You see here a +0 leather armour.
A kobold comes into view. It is wielding a +0 short sword.
Found a ring mail.
The kobold shouts!
The kobold throws a stone.
The stone hits you.
A kobold is nearby!
You slash the kobold!
You kill the kobold!
Things that are here:
a +0 short sword; 2 stones You see here a +0 ring mail.
You see here a +0 ring mail.
Things that are here:
a +0 short sword; 2 stones Ijyb the Twisted Goblin comes into view.
She is wielding a +0 dagger and carrying a wand of acid (5).
Ijyb shouts!
Ijyb is nearby!
Ijyb hits you with a +0 dagger.
A rat comes into view.
You closely miss Ijyb. Ijyb screams, "Me stronger than you!"
Ijyb zaps a wand.
The bolt of acid hits you!! The acid corrodes you!
Okay, then.
Okay, then.
As you read the scroll of identify, it crumbles to dust.
b - a scroll of magic mapping Ijyb zaps a wand.
The bolt of acid hits you!
Okay, then.
Ijyb zaps a wand.
The bolt of acid hits you!
* * * LOW HITPOINT WARNING * * *
Ijyb zaps a wand.
The bolt of acid misses you.
Ijyb zaps a wand.
The bolt of acid hits you!
You die...

### #.# #<# #.# #.# #
#######.### ... ..........#
.....################.#.####
.......g...@................
.....###..######.#.#..#.####
..# #.## #.#)#..#.# ...#
#.#.#..#># ##### #.#.#..#.#
#.#.#..#.# ###.#[#..#.#
#...#.####.# #.#.#......#


You could see Ijyb.

Vanquished Creatures
  Terence (D:2)
  4 gnolls
  An adder (D:3)
  2 worms (D:2)
  5 dart slugs
  5 ball pythons
  5 bats
  6 endoplasms
  3 giant cockroaches (D:1)
  6 hobgoblins
  2 jackals (D:2)
  5 quokkas
  8 goblins
  10 kobolds
  A rat (D:1)
64 creatures vanquished.

Notes
Turn   | Place    | Note
-------+----------+-------------------------------------------
     0 | D:1      | BigDaddyOpFi the Hill Orc Monk began the quest for the Orb.
     0 | D:1      | Reached XP level 1. HP: 19/19 MP: 1/1
   206 | D:1      | Reached XP level 2. HP: 27/27 MP: 2/2
   231 | D:1      | Reached skill level 1 in Armour
   432 | D:1      | Reached XP level 3. HP: 26/33 MP: 3/3
  1383 | D:2      | Reached XP level 4. HP: 33/40 MP: 4/4
  1945 | D:2      | Found a stormy altar of Qazlal.
  2592 | D:2      | Reached skill level 5 in Axes
  2709 | D:2      | Noticed Terence
  2728 | D:2      | Killed Terence
  2729 | D:2      | Reached XP level 5. HP: 37/47 MP: 5/5
  3555 | D:3      | Noticed Ijyb
  3564 | D:3      | Killed from afar by Ijyb

Illustrated notes

Levels and vault maps discovered:
D:1:      ncdulo_watergridlock, layout_basic, minmay_pentomino_r2
D:2:      layout_loops_corners, basic_altar, uniq_terence
D:3:      minmay_general_purpose_star, layout_basic, serial_shops,
          nicolae_shop_advertising_works [nicolae_subvault_shop_adworks],
          uniq_ijyb

Skill      XL: |  1  2  3  4 |
---------------+-------------+-----
Armour         | 1 2 |  2.3
Stealth        | 2 |  2.8
Fighting       | 4 |  4.7
Axes           | 5 |  5.2
Dodging        | |  2.4

Action                     |  1- 3 |  4- 6 || total
---------------------------+-------+-------++-------
  Melee: Hand axe          |   134 |    86 ||   220
         Punch             |     1 |     1 ||     2
         Battleaxe         |       |     9 ||     9
    Use: Potion            |     1 |     4 ||     5
         Scroll            |     4 |     3 ||     7
   Stab: Sleeping          |     4 |     6 ||    10
         Distracted        |       |     1 ||     1
 Armour: Robe              |    30 |    11 ||    41
         Skin              |       |     1 ||     1
         Scale mail        |       |     5 ||     5
  Dodge: Dodged            |   111 |    56 ||   167

Table legend: (Time is in decaauts)
 A = Elapsed time spent in this place.
 B = Non-inter-level travel time spent in this place.
 C = Inter-level travel time spent in this place.
 D = Time resting spent in this place.
 E = Time spent auto-exploring this place.
 F = Levels seen in this place.
 G = Mean time per level.
                   A        B        C        D        E       F      G
               +--------+--------+--------+--------+--------+-----+--------+
         Total |   3585 |   3403 |    182 |    706 |   2083 |   3 | 1195.0 |
       Dungeon |   3585 |   3403 |    182 |    706 |   2083 |   3 | 1195.0 |
               +--------+--------+--------+--------+--------+-----+--------+

Top non-repeatable levels by time:
     D:2: 1749 daAuts
     D:1: 1378 daAuts
     D:3: 457 daAuts
